Unix NetHack Version 5.0.0-0 post-release - last build Jun 10 2026 00:39:30 (3ee93aec679c4c4259841fe613dc97188e26a321,branch:main).

Game began 2026-07-01 23:15:13, ended 2026-07-02 00:00:11.

IanCurtis, chaotic male elven Wizard

                        ---------------------------------
                        |...............................|
                        |.{.....---------+-----....----.|
                        |.......|  |(@m|      |....|  |.|
                        |.......+  |(((|      |.---|  |..
                        |.-----.---|@..|      -.|..|  |.|
                      ##..|!%.-....-|--|  -----.|..-+--.|
                      ##|.|%..|.....(..|  |..-..-|--....|
                      ##|.-----..-----.-+-|..|..........|
        -----     ##   #|........|//.|....|----.-|--..{.|
        |....###########|..---|-.|//.-....|...|.|..|....|
        |...|#         #|..|...|.--------.|...|.|..|-|-.|
        |<..|           |..|(.(|..|..|..|.|.+.|.|..|..|.|
        |...+           |..|(((|..|..|..-.-...|.---|..|.|
        |...|           |..-----..--|----.-----....----.|
        |....           |.........[.....................|
        -----           ---------------------------------

IanCurtis the Thaumaturge  St:13 Dx:10 Co:12 In:20 Wi:11 Ch:10  Chaotic
Dlvl:7  $:200 HP:0(34) Pw:78(78) AC:9  Xp:6 T:2852 

Latest messages:
 You hit the dwarf!
 The dwarf swings his pick-axe.
 The dwarf hits!
 In what direction? h
 The spell hits the dwarf!
 You kill the dwarf!
 There are several objects here.
 You have much trouble lifting a dwarf corpse.  Continue? [ynq] (q) n
 Y - a pick-axe.
 What do you want to adjust? [a-knorsyC-HK-NQ-UY or ?*] Y
 Adjust letter to what [lmpqt-xzABIJOPV-Z] (? see used letters)? d
 Swapping: d - a pick-axe.
 There is a dwarf corpse here; eat it? [ynq] (n) y
 Blecch!  Rotten food!
 You finish eating the dwarf corpse.
 You feel full of energy.
 This door is locked.
 The door opens.
 "Hello, IanCurtis!  Welcome to Rewuorb's hardware store!"
 "Will you please leave your pick-axe outside?"
 What do you want to drop? [$a-knorsyC-HK-NQ-UY or ?*] d
 You drop a pick-axe.
 "Hello, IanCurtis!  Welcome again to Rewuorb's hardware store!"
 You see here a bag (for sale, 4 zorkmids).
 You see here a large box (for sale, 3255 zorkmids).
 You see here a looking glass (for sale, 13 zorkmids).
 You see here a lock pick (for sale, 27 zorkmids).
 "For you, honored hir; only 27 zorkmids for this lock pick."
 Z - a lock pick (unpaid, 27 zorkmids).
 What do you want to adjust? [a-ce-knorsyC-HK-NQ-UYZ or ?*] Z
 Adjust letter to what [dlmpqt-xzABIJOPV-XZ] (? see used letters)? k
 Swapping: k - a lock pick (unpaid, 27 zorkmids).
 That key is a giant mimic!
 You bought a lock pick for 27 gold pieces.
 "Thank you for shopping in Rewuorb's hardware store!"
 The giant mimic hits!
 The giant mimic hits again!
 You cannot escape from the giant mimic!
 What do you want to write with? [- acenNTY or ?*] a
 You write in the dust with a blessed +1 quarterstaff (weapon in hands).
 What do you want to write in the dust here? 
 Never mind.
 What do you want to write with? [- acenNTY or ?*] -
 You write in the dust with your fingertip.
 What do you want to write in the dust here? Elbereth
 The giant mimic hits!
 The giant mimic hits again!
 You die...
 Rewuorb gratefully inherits all your possessions.
 Do you want to see what you had when you died? [ynq] (y) q

Inventory:
 Coins    ('$')
  $ - 200 gold pieces
 Amulets  ('"')
  C - an uncursed amulet of unchanging
 Weapons  (')')
  T - 3 +0 daggers
  a - a blessed +1 quarterstaff (weapon in hands)
 Armor    ('[')
  D - an uncursed greased +0 dwarvish iron helm
  b - an uncursed +0 cloak of magic resistance (being worn)
 Comestibles  ('%')
  y - an uncursed food ration
  F - an uncursed tripe ration
 Scrolls  ('?')
  j - an uncursed scroll of blank paper
  Z - an uncursed scroll of confuse monster
  U - an uncursed scroll of create monster
  Q - an uncursed scroll of enchant weapon
  K - a cursed scroll of enchant weapon
  L - a cursed scroll of genocide
  H - 3 uncursed scrolls of identify named identify
  i - an uncursed scroll of remove curse
  R - a cursed scroll of teleportation
 Potions  ('!')
  f - an uncursed potion of extra healing
  M - an uncursed potion of gain energy
  s - 3 uncursed potions of healing
  E - a cursed potion of healing
  h - an uncursed potion of invisibility
  g - an uncursed potion of levitation
  G - 2 uncursed potions of speed
  r - a cursed potion of speed
 Rings    ('=')
  e - an uncursed ring of cold resistance
  Y - an uncursed ring of stealth
 Wands    ('/')
  c - a wand of slow monster (0:6)
  N - a wand of slow monster (0:5)
 Tools    ('(')
  o - an uncursed wooden flute
  k - an uncursed lock pick
  n - a magic marker (0:22)
  S - an uncursed partly used wax candle

IanCurtis the Wizard's attributes:

Background:
 You were a Thaumaturge, a level 6 male elven Wizard.
 You were chaotic, on a mission for Anhur
 who was opposed by Ptah (lawful) and Thoth (neutral).
 You were right-handed.
 You were in the Gnomish Mines, on level 7.
 You entered the dungeon 2852 turns ago.
 It was the midnight hour.
 There was a full moon in effect when your adventure ended.
 You had 362 experience points, 278 more were needed to attain level 7.

Basics:
 You had 0 out of 34 hit points.
 You had all 78 energy points (spell power).
 Your armor class was 9.
 Your wallet contained 200 zorkmids.
 Autopickup was off.

Final Characteristics:
 Your strength was 13 (limit:18).
 Your dexterity was 10 (limit:18).
 Your constitution was 12 (limit:16).
 Your intelligence was 20 (limit:20).
 Your wisdom was 11 (limit:20).
 Your charisma was 10 (limit:18).

Final Status:
 You were held by a giant mimic (east).
 You weren't hungry.
 You were unencumbered.
 You were wielding a quarterstaff.
 You had basic skill with quarterstaff.

Final Attributes:
 You were piously aligned.
 You were magic-protected.
 You were sleep resistant.
 You had infravision.
 You were warded.
 You were lucky.
 You are dead.

Miscellaneous:
 You didn't encounter any bones levels.
 Total elapsed playing time was 15 minutes and 17 seconds.

Major events:
 Turn
    1: IanCurtis the chaotic male elven Wizard entered the dungeon
 1013: attained the rank of Conjurer (level 3)
 1720: entered the Gnomish Mines
 2091: reached Mine Town
 2508: attained the rank of Thaumaturge (level 6)
 2852: killed by a giant mimic

Spells:
 Name                 Level Category     Fail Retention
 force bolt             1   attack         0%   81%-90%
 cause fear             3   enchantment    0%   81%-90%
 healing                1   healing        0%  76%-100%

Skills:
 Fighting Skills
   bare handed combat [Unskilled]
   riding             [Unskilled]
 Weapon Skills
   dagger             [Unskilled]
   knife              [Unskilled]
   axe                [Unskilled]
   short sword        [Unskilled]
   club               [Unskilled]
   mace               [Unskilled]
   quarterstaff       [Basic]
   polearms           [Unskilled]
   spear              [Unskilled]
   trident            [Unskilled]
   sling              [Unskilled]
   dart               [Unskilled]
   shuriken           [Unskilled]
 Spellcasting Skills
   attack spells      [Basic]
   healing spells     [Unskilled]
   divination spells  [Unskilled]
   enchantment spells [Basic]
   clerical spells    [Unskilled]
   escape spells      [Unskilled]
   matter spells      [Unskilled]

Voluntary challenges:
 Character rerolling was not enabled.
 You never genocided any monsters.
 You never polymorphed an object.
 You used no wishes.
Achievements:
 You entered a shop.
 You attained the rank of Conjurer.
 You entered the Gnomish Mines.
 You entered Minetown.
 You entered a temple.
 You attained the rank of Thaumaturge.

 The Dungeons of Doom: levels 1 to 5
    Level 1: "vault"
    Level 2:
       A food shop.
    Level 3:
       A general store, some fountains.
    Level 4:
       A fountain.
       Stairs down to The Gnomish Mines.
    Level 5:
 The Gnomish Mines: levels 5 to 7
    Level 5:
    Level 6:
    Level 7: <- You were here.
       Many shops, a temple and an altar to Anhur, some fountains.
       Final resting place for
          you, killed by a giant mimic.


Vanquished creatures:
  a small mimic
  a dust vortex
  a fire ant
  3 gnome leaders
  3 gnomish wizards
  2 dwarves
  a wererat
  2 iguanas
 an acid blob
  4 coyotes
  a hobbit
  a large kobold
  a giant rat
  a cave spider
  8 gnomes
  a gnome zombie
  a gecko
  8 jackals
  3 kobolds
  a goblin
  2 sewer rats
  3 grid bugs
  a lichen
  2 kobold zombies
  3 newts
56 creatures vanquished.

No species were genocided or became extinct.

Game over:
                       ----------
                      /          \
                     /    REST    \
                    /      IN      \
                   /     PEACE      \
                  /                  \
                  |    IanCurtis     |
                  |      200 Au      |
                  |   killed by a    |
                  |   giant mimic    |
                  |                  |
                  |                  |
                  |       2026       |
                 *|     *  *  *      | *
        _________)/\\_//(\/(/\)/\//\/|_)_______

Goodbye IanCurtis the Wizard...

You died in The Gnomish Mines on dungeon level 7 with 1938 points,
and 200 pieces of gold, after 2852 moves.
You were level 6 with a maximum of 34 hit points when you died.

